 Dungeon Crawl Stone Soup version 0.28-a0-447-g1f95980246 (webtiles) character file.

Game seed: 4344331840721615767

139 Sabo the Chopper (level 5, -3/47 HPs)
             Began as a Minotaur Fighter on Sept 12, 2021.
             Slain by Grinder (5 damage)
             ... on level 3 of the Dungeon.
             The game lasted 00:09:45 (2623 turns).

Sabo the Chopper (Minotaur Fighter)                 Turns: 2623, Time: 00:09:45

Health: -3/47      AC:  7    Str: 20    XL:     5   Next: 1%
Magic:  4/4        EV:  5    Int:  5    God:
Gold:   42         SH: 12    Dex: 11    Spells: 4/4 levels left

rFire   . . .      SeeInvis .   a - +0 war axe
rCold   . . .      Faith    .   m - +0 tower shield
rNeg    . . .      Spirit   .   b - +0 scale mail
rPois   .          Reflect  .   (helmet restricted)
rElec   .          Harm     .   (no cloak)
rCorr   .          Rampage  .   (no gloves)
Will    .....                   (no boots)
Stlth   ..........              (no amulet)
HPRegen 0.15/turn               (no ring)
MPRegen 0.09/turn               (no ring)

@: no status effects
A: horns 2, retaliatory headbutt
a: no special abilities


You were on level 3 of the Dungeon.
You visited 1 branch of the dungeon, and saw 3 of its levels.

You collected 42 gold pieces.

Inventory:

Hand Weapons
 a - a +0 war axe (weapon)
 f - a +0 mace of holy wrath
Missiles
 h - 55 sling bullets
 j - 24 bolts
Armour
 b - a +0 scale mail (worn)
 m - a +0 tower shield (worn)
Scrolls
 k - a scroll of amnesia {unknown}
Potions
 d - a potion of might
 e - a potion of heal wounds {unknown}
 i - a potion of curing {unknown}
 l - a potion of haste {unknown}


   Skills:
 + Level 4.4 Fighting
 + Level 4.6 Axes
 + Level 4.4 Armour
 + Level 0.4 Dodging
 + Level 4.2 Shields


You had 4 spell levels left.
You didn't know any spells.
Your spell library was empty.

Dungeon Overview and Level Annotations

Branches:
Dungeon (3/15)

Altars:

Annotations:
D:3 Grinder


Innate Abilities, Weirdness & Mutations

You have a pair of horns on your head.
You reflexively headbutt those who attack you in melee.


Message History

Grinder blinks!
You slash Grinder!
Grinder is lightly wounded.
Grinder gestures at you.
You suddenly lose the ability to move!
Grinder hits you.
You writhe in agony.
Grinder hits you!
You writhe in agony.
Grinder hits you! Grinder gestures at you. Pain shoots through your body!
* * * LOW HITPOINT WARNING * * *
Grinder hits you but does no damage. Grinder gestures at you.
You barely resist.
You can move again.
You slash Grinder! You headbutt Grinder!
Grinder is severely wounded.
You block Grinder's attack. Grinder completely misses you.
You furiously retaliate!
You headbutt Grinder. You hit Grinder but do no damage.
Grinder is severely wounded.
Grinder hits you but does no damage.
You closely miss Grinder.
Grinder is severely wounded.
Grinder grins, showing sharp teeth.
Grinder hits you.
* * * LOW HITPOINT WARNING * * *
You writhe in agony.
* * * LOW HITPOINT WARNING * * *
Grinder hits you but does no damage.
You completely miss Grinder.
Grinder is severely wounded.
Grinder blinks!
Grinder blinks!
You hit Grinder. Your headbutt misses Grinder.
Grinder is severely wounded.
Grinder blinks!
You closely miss Grinder.
Grinder is severely wounded.
Grinder hits you but does no damage. Grinder hits you.
You die...

#.###†###.####
#.##..# #.# ####
#.##.## #.####...
#.#..# #.##...
#...## #.##.#
####...# #....#
#....#.# ###..#
#.#.##.# ###..####
#.#.##). #....@..#
..#.###.##.#....5.(#
.##.# .##.........#
.##.# ..##.########
.##.# . #.#. .#..#
.#... ##.# ....#
##.# #...# ##.#
#.#.#


You could see Grinder.

Vanquished Creatures
  Natasha (twice) (D:2)
  3 adders (D:2)
  A worm (D:2)
  2 dart slugs
  8 bats
  3 endoplasms
  3 giant cockroaches
  7 goblins
  2 hobgoblins (D:1)
  4 jackals (D:2)
  3 quokkas (D:1)
  2 ball pythons (D:1)
  2 frilled lizards
  7 kobolds
  6 rats
55 creatures vanquished.

Notes
Turn   | Place    | Note
-------+----------+-------------------------------------------
     0 | D:1      | Sabo the Minotaur Fighter began the quest for the Orb.
     0 | D:1      | Reached XP level 1. HP: 19/19 MP: 0/0
   193 | D:1      | Reached XP level 2. HP: 27/27 MP: 1/1
   727 | D:2      | Reached XP level 3. HP: 4/33 MP: 2/2
  1826 | D:2      | Reached XP level 4. HP: 39/40 MP: 3/3
  1890 | D:2      | Noticed Natasha
  1898 | D:2      | Killed Natasha
  2234 | D:2      | Noticed Natasha
  2246 | D:2      | Killed Natasha
  2247 | D:2      | Reached XP level 5. HP: 36/47 MP: 4/4
  2598 | D:3      | Noticed Grinder
  2599 | D:3      | Paralysed by Grinder for 6 turns
  2607 | D:3      | Paralysed by Grinder for 6 turns
  2615 | D:3      | HP: 1/47 [Grinder (5)]
  2623 | D:3      | Slain by Grinder

Illustrated notes

Levels and vault maps discovered:
D:1:      dpeg_arrival_pits, layout_rooms
D:2:      minmay_general_purpose_star, layout_loops_ring, uniq_natasha,
          uniq_crazy_yiuf_cottage
D:3:      layout_rooms, uniq_grinder, uniq_robin

Skill      XL: |  1  2  3  4 |
---------------+-------------+-----
Fighting       | 4 |  4.4
Armour         | 4 |  4.4
Axes           | 3 4 |  4.6
Shields        | 4 |  4.2
Dodging        | |  0.4

Action                   |  1- 3 |  4- 6 || total
-------------------------+-------+-------++-------
Melee: War axe           |   104 |    47 ||   151
       Headbutt          |    12 |    12 ||    24
  Use: Scroll            |     2 |     1 ||     3
Armor: Scale mail        |    50 |    24 ||    74
Dodge: Dodged            |    35 |     8 ||    43
Block: Buckler           |    19 |       ||    19
       Tower shield      |    21 |    38 ||    59

Table legend: (Time is in decaauts)
 A = Elapsed time spent in this place.
 B = Non-inter-level travel time spent in this place.
 C = Inter-level travel time spent in this place.
 D = Time resting spent in this place.
 E = Time spent auto-exploring this place.
 F = Levels seen in this place.
 G = Mean time per level.
                   A        B        C        D        E       F      G
               +--------+--------+--------+--------+--------+-----+--------+
         Total |   2721 |   2721 |      0 |    969 |      0 |   3 |  907.0 |
       Dungeon |   2721 |   2721 |      0 |    969 |      0 |   3 |  907.0 |
               +--------+--------+--------+--------+--------+-----+--------+

Top non-repeatable levels by time:
     D:2: 1987 daAuts
     D:1: 632 daAuts
     D:3: 101 daAuts
